groovejumper, neutral female human Wizard ------ -------- |`...| |......| ------- |....-# |......+ |.[R[)[| |....|# |......| ------- @R.RPPRP| |..{.|# |...(..| |....[| ###|.P)P[)| |....|# |......| |.....| # .[)P)[| ------# -.--+--- |.....| ### ).[)[. # #### |.....| # ------ # # # #......-###### # ### # ###|.....| # # # # # ------- # ## # # ### # -.----.-- ###### # |.......| ### # |.......| # ##-.......|### |.....<.|# |........# --------- groovejumper the Thaumaturge Experience level: 8 Strength: 11 Dexterity: 13 Constitution: 10 Intelligence: 18 Wisdom: 11 Charisma: 12 Health: 0(41) Energy: 23(77) AC: 9 Gold: 1128 Moves: 3212 Your Inventory: Coins $ - 1128 gold pieces Amulets p - an [uncursed] spherical amulet [of ESP] Weapons a - a blessed +1 quarterstaff (weapon in hands) Armor b - an uncursed +0 cloak of magic resistance (being worn) u - an [uncursed +0] tattered cape [cloak of invisibility] v - an [uncursed +0] pair of riding gloves [leather] Comestibles w - 2 [uncursed] food rations A - an [uncursed] lembas wafer F - an [uncursed] tin [of floating eye meat] I - an [uncursed] cram ration J - an [uncursed] tin [of spinach] Scrolls i - an uncursed scroll of light j - an uncursed scroll of destroy armor k - an uncursed scroll of scare monster x - an [uncursed] scroll labeled ABRA KA DABRA [of confuse monster] C - an [uncursed] scroll labeled TEMOV [of magic mapping] D - an [uncursed] scroll labeled DAIYEN FOOELS [of enchant weapon] K - an [uncursed] scroll labeled PRIRUTSENIE [of enchant armor] L - 2 [uncursed] scrolls labeled ETAOIN SHRDLU [of identify] M - an [uncursed] scroll of scare monster Spellbooks l - a blessed spellbook of force bolt m - an uncursed spellbook of detect unseen y - an [uncursed] leather-bound spellbook [of cancellation] Potions g - an uncursed potion of speed h - 2 uncursed potions of water s - a [blessed] icy potion [of polymorph] H - 3 [uncursed] potions of water Rings d - an uncursed +2 ring of gain intelligence e - an uncursed ring of poison resistance t - an [uncursed] mithril ring [of stealth] Wands c - an uncursed wand of striking (0:6) r - an [uncursed] quartz wand [of nothing (0:5)] z - an [uncursed] hexagonal wand [of magic missile (0:5)] Tools n - an uncursed magic marker (0:53) B - an uncursed blindfold Spells known in the end: Name Level Category Fail Memory a - force bolt 1 attack 0% [|||||||.] b - detect unseen 3 divination 77% [|||||||.] Your skills at the end: Fighting Skills Weapon Skills quarterstaff [Basic / Expert] Spellcasting Skills attack spells [Skilled / Expert] enchantment spells [Basic / Skilled] Final Attributes: You were piously aligned. Hunger level was 878. Your alignment was 24 / 26. Monster difficulty range was 1 - 8. Level difficulty was 8. You were magic-protected. You were telepathic. You had teleport control. Your luck was zero. You are dead. Vanquished creatures: a small mimic a tengu a wolf a vampire bat a brown pudding 3 rust monsters a dingo a dust vortex a raven a snake a water nymph a rock piercer a fog cloud a yellow light a gray ooze 2 giant ants 2 floating eyes a kitten a homunculus 5 rothes a rabid rat a monkey a wererat 2 iguanas an acid blob 2 gas spores a large kobold a hobgoblin 6 giant rats a cave spider 3 gnome zombies 3 geckos 2 jackals 2 goblins 5 sewer rats 3 grid bugs 3 bats a lichen 2 kobold zombies 3 newts 72 creatures vanquished. Voluntary challenges: You were an atheist. You used a wielded weapon 50 times. You read items or engraved 5 times. You put on armor 1 time. You never genocided any monsters. You never polymorphed an object. You never changed form. You used no wishes. You wrote Elbereth's name 2 times. You never encountered a bones level. You never used any Sokoban shortcuts. Dungeon overview: The Dungeons of Doom: levels 1 to 8 Level 1 a fountain a long staircase Level 2 a general store, a sink a long staircase Level 3 a jewelry store Level 4 a sink Level 5 a fountain, a sink Level 6 a delicatessen, a fountain Level 7 a fountain Level 8 <- You were here a fountain History has recorded: On T:1 you entered the Dungeons of Doom to retrieve the Amulet of Yendor! On T:398 you reached level 2 of The Dungeons of Doom. On T:419 you advanced to experience level 2. On T:494 you advanced to experience level 3. On T:657 you advanced to experience level 4. On T:817 you reached level 3 of The Dungeons of Doom. On T:1134 you advanced to experience level 5. On T:1216 you reached level 4 of The Dungeons of Doom. On T:1533 you advanced to experience level 6. On T:1702 you reached level 5 of The Dungeons of Doom. On T:2054 you reached level 6 of The Dungeons of Doom. On T:2489 you advanced to experience level 7. On T:2645 you reached level 7 of The Dungeons of Doom. On T:2930 you reached level 8 of The Dungeons of Doom. On T:3210 you advanced to experience level 8. Latest messages: The spell misses the disenchanter. (2x) The disenchanter hits! [HP-10=16] The spell misses the disenchanter. The spell hits the brown pudding! You kill the brown pudding! Welcome to experience level 8. The disenchanter hits! [HP-3=13] The spell misses the disenchanter. The spell hits the brown pudding! (2x) You feel more confident in your spell casting skills. The disenchanter hits! [HP-11=2] You are now more skilled in attack spells. You write "Elbereth" with your fingers into the dust. The disenchanter hits! You die... Final status: Goodbye groovejumper the Wizard... You died in The Dungeons of Doom on dungeon level 8 with 5794 points, and 1128 pieces of gold, after 3212 moves. You were level 8 with a maximum of 41 hit points when you died.